Map: Deathaura LE

Players

ShoWTimE - Winner!

  • Race: Protoss Protoss
  • Spawn Location: 11:00

HeroMarine

  • Race: Terran Terran
  • League: Master
  • Spawn Location: 5:00

Event: StayAtHomestory Cup #2

VOD

Have the link to the VOD?

Description

Time

  • Played on: June 12, 2020, 8:17 a.m.
  • Length: 25:45

All games in this series

Show
View Real Time Build Order
Export as new Build Order

ShoWTimE Protoss - Winner!

Build Orders: 1 Gate Expand, Blink Stalkers, Zealot Archon 

Get SALT Encoding   

  12  0:00  Probe  
  13  0:12  Probe  
  14  0:17  Pylon  
  14  0:24  Probe  
  15  0:32  Probe  
  15  0:36  Gateway  
  15  0:40  Probe  
  16  0:45  Assimilator  
  17  0:51  Probe  
  18  1:03  Probe  
  19  1:15  Probe  
  20  1:24  Cybernetics Core  
  20  1:32  Nexus  
  20  1:34  Probe  
  21  1:41  Pylon  
  21  1:46  Probe  
  22  1:50  Adept, Assimilator  
  22  1:59  Probe  
  25  2:01  Warp Gate  
  25  2:11  Probe, Stalker  
  28  2:23  Probe  
  29  2:33  Twilight Council  
  29  2:35  Probe  
  30  2:40  Probe  
  30  2:43  Stalker  
  32  2:47  Probe  
  32  2:48  Probe  
  32  2:50  Blink  
  35  2:59  Probe  
  35  3:02  Probe  
  35  3:05  Gateway  
  37  3:11  Probe  
  38  3:14  Probe  
  39  3:23  Probe  
  39  3:26  Probe  
  41  3:27  Pylon  
  41  3:29  Robotics Facility  
  41  3:35  Probe  
  41  3:38  Probe  
  43  3:47  Nexus  
  43  3:49  Sentry  
  43  3:50  Probe  
  43  3:51  Probe  
  43  3:55  Pylon  
  47  3:59  Pylon  
  47  4:00  Phoenix  
  47  4:02  Probe  
  48  4:03  Probe  
  48  4:07  Assimilator  
  49  4:10  Pylon  
  49  4:14  Probe, Stalker  
  49  4:16  Probe, Observer  
  54  4:26  Probe  
  54  4:28  Probe  
  54  4:30  Stalker  
  58  4:37  Gateway  
  58  4:38  Probe  
  58  4:39  Observer  
  58  4:40  Probe, Gateway  
  58  4:43  Stalker  
  63  4:46  Pylon  
  63  4:47  Probe  
  63  4:48  Probe  
  65  4:54  Forge  
  65  4:55  Probe  
  65  4:56  Probe  
  66  5:00  Probe  
  66  5:05  Probe, Forge  
  68  5:07  Probe  
  68  5:12  Probe  
  71  5:17  Probe, Protoss Ground Weapons Level 1  
  71  5:19  Probe  
  73  5:22  Charge  
  73  5:24  Probe, Protoss Ground Armor Level 1  
  73  5:25  Pylon  
  73  5:26  Assimilator  
  73  5:27  Probe  
  74  5:28  Assimilator  
  74  5:29  Probe  
  74  5:35  Probe, Templar Archives, Assimilator  
  76  5:36  Probe  
  76  5:37  Probe  
  79  5:43  Probe  
  79  5:46  Probe  
  79  5:48  Probe  
  82  5:50  Pylon  
  82  5:55  Probe  
  82  5:56  Gateway  
  83  5:58  Probe  
  83  5:59  Gateway  
  83  6:00  Probe  
  83  6:01  Warp Prism  
  83  6:03  Zealot  
  87  6:08  Gateway  
  87  6:10  Gateway  
  86  6:12  Observer  
  86  6:15  Observer  
  86  6:16  Psionic Storm  
  86  6:17  High Templar  
  90  6:21  Sentry  
  90  6:24  Shield Battery  
  92  6:26  Pylon, Photon Cannon  
  92  6:29  Photon Cannon  
  92  6:30  High Templar  
  92  6:31  Photon Cannon  
  94  6:37  Observer  
  95  6:44  High Templar  
  95  6:46  Zealot  
  99  6:50  Pylon  
  99  6:51  Immortal  
  99  6:52  Zealot x2  
  99  6:53  Pylon  
  103  6:57  High Templar  
  103  6:59  Observer  
  109  7:04  Zealot x3  
  115  7:09  Pylon, Zealot  
  115  7:15  Protoss Ground Armor Level 2, Gateway  
  117  7:17  Pylon, Gateway  
  117  7:18  Protoss Ground Weapons Level 2  
  117  7:19  Zealot, High Templar x2  
  117  7:22  Archon  
  123  7:24  Zealot x2  
  123  7:27  Pylon  
  123  7:28  Zealot  
  128  7:32  Observer  
  129  7:40  Zealot x3  
  133  7:44  Nexus  
  133  7:48  Pylon  
  133  7:53  Zealot x2  
  137  8:00  Zealot x3, Observer  
  143  8:08  Zealot x3  
  143  8:09  Zealot  
  151  8:16  Pylon  
  151  8:18  Probe x3, Pylon  
  154  8:20  Pylon  
  154  8:23  Observer  
  153  8:30  High Templar x5  
  153  8:31  Zealot x2  
  167  8:35  Archon x2  
  167  8:39  Zealot x2  
  167  8:40  Photon Cannon  
  171  8:50  Zealot  
  171  8:54  Zealot x2  
  177  8:56  Photon Cannon  
  177  8:58  Probe x2  
  177  8:59  Shield Battery  
  167  9:11  Zealot x7  
  179  9:18  Zealot x2  
  179  9:19  Zealot  
  175  9:26  Protoss Ground Weapons Level 3  
  175  9:27  Robotics Bay  
  175  9:29  Robotics Facility  
  159  9:33  Protoss Ground Armor Level 3  
  153  9:44  Stalker x4  
  153  9:45  Zealot x6  
  165  10:06  Colossus  
  165  10:07  Extended Thermal Lance  
  165  10:10  Probe  
  162  10:14  Observer  
  162  10:16  Colossus  
  162  10:20  High Templar x2  
  170  10:23  Assimilator  
  170  10:25  Zealot x7  
  170  10:26  Assimilator  
  184  10:49  High Templar x2  
  188  10:50  Pylon  
  188  10:54  Archon  
  187  10:59  Disruptor  
  187  11:00  Zealot x5  
  187  11:01  Stalker  
  187  11:03  Colossus  
  188  11:15  Archon  
  182  11:18  Stalker x2  
  182  11:21  Zealot x2  
  182  11:22  Zealot x4  
  192  11:30  Nexus  
  192  11:31  Observer  
  192  11:32  Pylon  
  192  11:36  High Templar x2  
  197  11:44  High Templar  
  199  11:59  Stalker x2  
  199  12:05  Photon Cannon  
  199  12:07  Photon Cannon  
  197  12:09  Photon Cannon  
  197  12:15  Observer  
  197  12:17  Zealot  
  191  12:25  Zealot x7  
  191  12:26  Zealot  
  191  12:28  Warp Prism, Colossus  
  191  12:29  Zealot  
  187  12:36  Protoss Shields Level 1  
  181  12:46  High Templar x8  
  181  12:47  Zealot  
  181  12:50  Archon x3  
  199  12:54  Archon  
  199  13:09  Colossus x2  
  149  13:20  Archon  
  149  13:26  Stalker x5, Zealot x4  
  149  13:27  Zealot  
  157  13:33  Probe x3  
  157  13:34  Probe  
  156  13:37  Gateway  
  156  13:39  Gateway  
  156  13:42  Dark Shrine  
  156  13:46  High Templar x3  
  162  13:49  Probe  
  162  13:50  Assimilator  
  162  13:52  Pylon, Assimilator  
  162  13:53  Sentry  
  165  13:57  Zealot x3  
  165  14:00  Pylon  
  171  14:04  Nexus  
  171  14:05  Zealot x3  
  171  14:07  Observer  
  175  14:13  Observer  
  168  14:19  High Templar x2  
  168  14:20  High Templar  
  168  14:21  Zealot x3, High Templar  
  182  14:25  Archon  
  182  14:26  Archon  
  182  14:29  Protoss Shields Level 2  
  170  14:33  Observer  
  157  14:40  Stalker x3  
  149  14:46  Zealot x3  
  149  14:51  Zealot  
  126  14:53  Zealot x3  
  130  15:01  High Templar x2  
  130  15:05  Probe  
  130  15:06  Probe x2, Archon  
  136  15:07  High Templar  
  136  15:08  Zealot x4, Colossus, High Templar  
  136  15:11  Colossus  
  136  15:13  Archon  
  159  15:35  Sentry  
  161  15:36  Zealot x3, High Templar x2  
  161  15:37  Zealot x2  
  161  15:40  Archon  
  175  15:43  Pylon  
  175  15:47  Zealot x3  
  181  15:55  Zealot  
  181  15:58  Pylon  
  181  16:02  Shield Battery  
  181  16:03  Photon Cannon, Observer  
  176  16:05  Stalker x3  
  176  16:08  Stargate  
  181  16:11  High Templar  
  181  16:12  High Templar  
  181  16:13  High Templar  
  181  16:14  High Templar  
  187  16:18  Archon  
  187  16:19  Zealot x5  
  197  16:26  Photon Cannon  
  197  16:28  Shield Battery, Observer  
  197  16:33  Disruptor  
  197  16:38  Zealot x3  
  193  16:47  Zealot x4  
  194  16:52  Shadow Stride  
  200  16:57  Assimilator  
  200  16:59  Assimilator  
  200  17:15  Photon Cannon  
  198  17:18  Stalker  
  198  17:19  Shield Battery  
  198  17:22  Nexus  
  200  17:24  Pylon  
  200  17:27  Dark Templar  
  198  17:31  Dark Templar x2  
  198  17:34  Zealot  
  198  17:35  Zealot  
  196  17:39  Zealot x3  
  186  17:56  Zealot x5  
  186  17:57  Zealot  
  180  18:02  Zealot x4  
  180  18:04  Colossus x2  
  144  18:09  Observer  
  144  18:12  Stalker x2  
  134  18:18  Stalker x5  
  152  18:28  Dark Templar  
  153  18:34  Probe x3  
  153  18:35  Probe  
  153  18:36  Probe  
  153  18:37  Unknown  
  153  18:40  High Templar x6  
  153  18:41  High Templar x4  
  178  18:42  Unknown  
  178  18:45  Archon  
  178  18:46  Archon x3  
  176  18:53  Colossus  
  176  18:54  Colossus  
  176  18:55  Zealot, Photon Cannon  
  178  18:57  Shield Battery  
  190  19:09  Dark Templar  
  183  19:15  Zealot x8  
  197  19:22  Zealot x3  
  187  19:37  Archon  
  187  19:38  Zealot x2  
  187  19:39  Zealot x4  
  187  19:41  Observer  
  195  19:50  Zealot x2  
  200  20:04  Shield Battery  
  200  20:06  Pylon  
  200  20:08  Photon Cannon  
  200  20:10  Photon Cannon  
  186  20:18  Disruptor x2  
  146  20:22  Zealot x3  
  146  20:23  Zealot x9  
  162  20:42  Robotics Facility  
  162  20:43  Dark Templar x4  
  162  20:44  Zealot x5  
  162  20:46  Nexus  
  162  20:47  Pylon  
  180  20:51  High Templar x3  
  180  20:53  Observer  
  185  21:03  Protoss Shields Level 3  
  180  21:06  Zealot x5  
  186  21:16  Warp Prism  
  186  21:22  High Templar x6  
  198  21:25  Archon x2  
  198  21:26  Archon  
  194  21:42  Archon  
  194  21:47  Stalker x3  
  194  21:51  Gateway  
  194  21:53  Gateway  
  200  22:22  Stalker, Nexus  
  193  22:37  High Templar x3  
  182  22:51  Disruptor  
  182  22:53  Disruptor  
  182  22:58  High Templar x9  
  185  23:02  Archon x2  
  185  23:03  Archon x2  
  180  23:25  Stalker x3, Nexus  
  180  23:26  Stalker x2  
  190  23:28  Disruptor  
  190  23:31  Disruptor  
  196  23:40  Zealot x3  
  191  24:00  Stalker x6  
  191  24:01  Observer  
  199  24:04  Archon  
  199  24:07  Gravitic Boosters  
  199  24:09  Observer  
  196  24:13  Pylon  
  197  24:23  Nexus  
  194  24:25  Dark Templar x4  
  194  24:27  Observer  
  194  24:53  High Templar x3, Observer  
  194  24:58  Archon  
  192  25:13  Stalker x5  
  196  25:29  Zealot x2  
  196  25:35  Zealot x4  
  191  25:36  Zealot x3  
  142  25:43  Zealot x5  
Show
View Real Time Build Order
Export as new Build Order

HeroMarine Terran 

Build Orders: Reaper Expand 

Get SALT Encoding   

  12  0:00  SCV  
  13  0:12  SCV  
  14  0:17  Supply Depot  
  14  0:25  SCV  
  15  0:38  SCV  
  15  0:39  Barracks  
  15  0:42  Refinery  
  16  0:50  SCV  
  17  1:02  SCV  
  18  1:14  SCV  
  19  1:26  Reaper, Orbital Command  
  20  1:43  Command Center  
  20  1:48  Supply Depot  
  20  1:52  SCV  
  21  1:58  Marine  
  22  2:04  SCV  
  23  2:08  Factory  
  23  2:16  SCV  
  23  2:20  Barracks Reactor  
  24  2:28  SCV  
  25  2:40  SCV  
  25  2:44  Command Center  
  26  2:52  SCV  
  26  2:53  Factory Tech Lab  
  26  2:56  Marine x2  
  29  2:59  Orbital Command  
  29  3:04  SCV  
  29  3:11  Cyclone  
  32  3:17  SCV  
  33  3:22  Barracks  
  33  3:24  Marine x2  
  33  3:27  SCV  
  36  3:29  SCV  
  37  3:39  SCV  
  37  3:41  SCV  
  39  3:42  Marine x2  
  39  3:45  Refinery  
  41  3:51  SCV  
  41  3:53  SCV  
  43  3:56  Orbital Command  
  43  4:00  Siege Tank  
  46  4:03  SCV  
  46  4:05  SCV, Engineering Bay  
  46  4:06  Marine x2  
  50  4:12  Barracks Tech Lab  
  50  4:15  SCV  
  51  4:17  SCV, Barracks  
  51  4:23  SCV, Refinery  
  53  4:27  SCV  
  53  4:29  SCV  
  53  4:30  Supply Depot  
  55  4:34  Siege Tank  
  55  4:36  Orbital Command  
  55  4:37  Marine  
  55  4:38  Marine  
  60  4:39  SCV  
  61  4:51  SCV x2, Terran Infantry Weapons Level 1, Marine  
  64  4:53  Supply Depot x2  
  64  4:55  Marine  
  64  4:56  Refinery  
  65  5:00  Stimpack  
  65  5:03  SCV, Marine  
  65  5:04  SCV  
  65  5:06  SCV  
  69  5:08  Supply Depot  
  69  5:14  Marine  
  69  5:16  SCV x2, Supply Depot  
  69  5:17  Starport  
  69  5:18  SCV  
  69  5:19  Factory Reactor  
  73  5:28  SCV x2, Marine x3  
  76  5:30  SCV  
  76  5:33  Combat Shield  
  79  5:40  SCV x2  
  79  5:42  SCV  
  82  5:43  Barracks  
  82  5:45  Barracks  
  81  5:51  Marauder x2  
  81  5:52  SCV x2  
  81  5:54  SCV  
  81  5:55  Supply Depot  
  88  6:04  SCV x2, Factory Reactor  
  88  6:05  Medivac x2  
  88  6:06  SCV  
  88  6:10  Supply Depot  
  88  6:11  Supply Depot  
  94  6:13  Bunker  
  94  6:16  Marauder x2  
  94  6:17  Marine x2  
  94  6:18  SCV x2  
  101  6:21  SCV  
  103  6:25  Supply Depot  
  103  6:30  Armory  
  103  6:32  Barracks Reactor, Engineering Bay, Barracks Tech Lab  
  103  6:35  SCV, Refinery  
  103  6:37  SCV x2, Refinery  
  106  6:42  Marauder x2  
  106  6:45  Terran Infantry Armor Level 1  
  106  6:46  Medivac, Widow Mine x2  
  116  6:50  Marine x2  
  118  6:55  Medivac  
  118  6:57  Marauder  
  122  7:03  Supply Depot  
  122  7:04  Supply Depot  
  122  7:07  Marine  
  122  7:08  Marine  
  124  7:10  Missile Turret  
  124  7:14  Marauder x2, Marine x2  
  124  7:15  Widow Mine  
  132  7:19  Terran Infantry Weapons Level 2  
  132  7:20  Supply Depot  
  132  7:23  Command Center  
  132  7:25  Widow Mine  
  133  7:33  Marauder  
  133  7:35  Marauder, Marine  
  133  7:36  Marine  
  138  7:38  Marauder  
  138  7:41  Marine x2  
  138  7:43  Medivac x2, Widow Mine  
  148  7:47  Ghost Academy  
  148  7:50  Supply Depot  
  148  7:51  Supply Depot  
  148  7:53  Terran Ship Weapons Level 1  
  148  7:54  Marine x2  
  148  7:55  Marauder  
  148  7:57  Marauder  
  154  7:59  Marauder, Marine  
  154  8:02  Supply Depot  
  154  8:04  Marine  
  154  8:15  Concussive Shells  
  154  8:16  Ghost  
  154  8:17  Ghost, Marine  
  154  8:18  Marine x2  
  161  8:20  Ghost  
  163  8:30  Medivac, Widow Mine x2  
  163  8:32  Medivac  
  163  8:33  Marine  
  172  8:35  Supply Depot  
  172  8:43  SCV x2  
  172  8:46  Marauder  
  172  8:47  SCV, Marauder  
  178  8:49  Marauder  
  178  8:55  Marine x4  
  184  8:56  Widow Mine  
  184  8:57  Widow Mine  
  185  9:05  SCV x2  
  185  9:06  SCV  
  185  9:07  Medivac x2, Marauder  
  185  9:08  Marauder  
  189  9:11  Marauder  
  191  9:18  Widow Mine x2  
  189  9:25  Marine x2  
  189  9:26  Marine  
  189  9:29  Marauder x2  
  196  9:31  Ghost  
  196  9:37  Medivac x2  
  192  9:39  Widow Mine x2  
  192  9:40  Planetary Fortress  
  192  9:41  Marine  
  192  9:42  SCV x2  
  192  9:43  SCV  
  200  9:50  Marauder  
  200  9:51  Marine  
  200  10:12  Marine  
  197  10:18  Terran Infantry Armor Level 2  
  197  10:19  Terran Infantry Weapons Level 3, Terran Ship Weapons Level 2  
  197  10:21  Barracks  
  197  10:22  SCV, Barracks  
  197  10:23  Refinery, Missile Turret, Barracks  
  197  10:26  Refinery  
  197  10:28  Missile Turret  
  198  10:32  Missile Turret  
  198  10:39  Sensor Tower  
  198  10:42  Sensor Tower  
  196  10:45  Command Center  
  196  10:46  SCV x2  
  196  10:47  SCV  
  197  10:52  Ghost  
  197  10:53  Missile Turret  
  197  10:55  Enhanced Shockwaves  
  193  11:12  Marauder  
  193  11:14  Marauder  
  183  11:19  Barracks Reactor, Barracks Tech Lab x2  
  183  11:20  Medivac  
  183  11:21  Ghost, Widow Mine x2  
  183  11:22  Marine  
  186  11:26  Marine x2  
  186  11:27  Marine  
  186  11:32  Ghost  
  186  11:35  Marauder  
  186  11:39  Ghost x2  
  194  11:42  Command Center  
  194  11:47  Viking  
  194  11:50  Marauder, Marine x2  
  194  11:54  Starport  
  198  12:10  Viking  
  198  12:12  Fusion Core  
  198  12:14  Personal Cloaking  
  190  12:28  Marauder x2  
  169  12:31  Ghost  
  169  12:32  Marine  
  169  12:33  Ghost x2  
  169  12:34  Viking  
  169  12:35  Viking x2, Terran Vehicle Weapons Level 1, Marine  
  169  12:36  Marine  
  173  12:37  Marine x2  
  173  12:40  Viking  
  173  12:42  Marine  
  170  12:48  Orbital Command  
  170  12:49  Marauder x2  
  170  12:50  Marine  
  173  12:53  Marine x2  
  173  12:55  Marine  
  173  12:57  Orbital Command  
  176  13:01  Marauder  
  176  13:02  Ghost x2  
  176  13:03  Marine x2  
  176  13:04  Viking x2  
  176  13:05  Viking  
  188  13:10  Viking, Marauder  
  188  13:11  Marauder  
  153  13:20  Marine x2  
  153  13:22  Marauder  
  153  13:24  Marine x2  
  158  13:31  Marauder x2  
  158  13:32  Marauder x2  
  158  13:33  Marine x2  
  170  13:41  Liberator  
  170  13:42  Liberator  
  170  13:43  Marauder, Marine x2  
  170  13:44  Marine x2  
  170  13:46  Liberator  
  183  13:50  Marine  
  183  13:51  Marine  
  183  13:52  Ghost x2  
  183  13:53  Marauder x2  
  183  13:55  Liberator  
  193  14:01  Marine x3  
  199  14:19  Terran Infantry Armor Level 3  
  199  14:24  Command Center  
  173  14:39  Marauder, Marine x4  
  173  14:40  Viking x4, Marauder, Marine  
  173  14:42  Marauder  
  173  14:44  Marauder  
  185  14:48  Marauder, Marine  
  154  14:57  Marine x2  
  154  14:59  Marine x2  
  158  15:05  Orbital Command  
  158  15:06  SCV  
  160  15:07  SCV x2  
  160  15:10  Viking x2  
  165  15:14  Liberator x2  
  165  15:16  Advanced Ballistics  
  165  15:17  Terran Ship Weapons Level 3  
  165  15:20  Missile Turret  
  165  15:21  Ghost  
  171  15:25  Ghost  
  175  15:36  Marauder x2  
  175  15:37  Orbital Command, Marauder  
  181  15:43  Missile Turret  
  181  15:44  Missile Turret  
  181  15:51  Missile Turret  
  181  15:55  Ghost  
  181  15:56  Ghost  
  182  15:57  Liberator x2  
  182  16:02  Viking  
  182  16:03  Liberator  
  191  16:07  Marauder  
  191  16:10  Refinery  
  192  16:11  Refinery  
  192  16:12  Marauder  
  192  16:15  Marauder  
  193  16:23  Sensor Tower  
  193  16:25  Marauder x2  
  197  16:28  Marauder  
  198  16:33  Marauder  
  185  16:40  Viking x2  
  185  16:41  Ghost  
  185  16:42  Viking  
  185  16:45  Ghost  
  195  16:47  Bunker  
  195  16:54  Bunker, Command Center  
  195  17:05  Liberator  
  198  17:12  Command Center  
  198  17:15  Command Center  
  198  17:19  Rapid Reignition System  
  191  17:52  Marauder  
  179  18:04  Ghost x2, Marine  
  179  18:05  Marauder x2, Marine x5  
  152  18:06  Liberator x2  
  152  18:07  Orbital Command  
  146  18:13  Marine, Liberator x2  
  147  18:22  Marine x2  
  147  18:23  Marine x4  
  147  18:26  Ghost, Marauder  
  150  18:30  Ghost  
  150  18:33  Marauder x2  
  156  18:37  Orbital Command  
  156  18:39  Orbital Command  
  155  18:44  Bunker  
  155  18:47  Ghost  
  157  18:50  Liberator x2  
  157  18:53  Marine x3  
  157  18:54  Ghost x3  
  172  18:57  Starport  
  172  19:09  Ghost  
  168  19:15  Ghost  
  170  19:22  Ghost x2  
  172  19:26  Ghost  
  172  19:28  Medivac  
  176  19:35  Viking  
  176  19:37  Ghost  
  179  19:45  Viking x2  
  183  19:58  Missile Turret  
  183  20:06  Missile Turret  
  187  20:07  Ghost  
  187  20:09  Liberator x2  
  187  20:10  Marine x2  
  177  20:16  Ghost  
  177  20:19  Marauder  
  141  20:26  Marauder  
  141  20:30  Marine  
  141  20:31  Marauder  
  141  20:32  Viking x2  
  141  20:33  Viking  
  146  20:36  Marauder  
  146  20:40  Marauder  
  150  20:45  Marauder  
  152  20:52  Viking x2  
  156  20:58  Marauder x2  
  156  21:00  Marauder, Marine x2  
  156  21:02  Viking  
  159  21:07  Viking  
  159  21:08  Viking  
  163  21:17  Marauder x2  
  167  21:19  Marauder  
  167  21:22  Viking, Bunker  
  171  21:27  Marine x5  
  171  21:31  Marauder  
  176  21:52  Liberator x2  
  184  21:54  Marauder  
  172  22:01  Marauder  
  172  22:05  Marauder x3  
  172  22:06  Marine  
  172  22:07  Marine  
  166  22:15  Marauder  
  168  22:19  Marine  
  166  22:46  Ghost  
  166  22:50  Marauder  
  170  23:01  Marine  
  170  23:03  Marauder  
  168  23:20  Orbital Command  
  168  23:22  Orbital Command  
  168  23:26  Medivac x2  
  156  24:09  Marauder  
  156  24:17  Medivac x2  
  156  24:21  Marauder  
  152  24:52  Marauder  
  152  24:56  Marine  
Tags
 
Add a new tag
Caveats
  • Supply blocks, unpowered buildings, or Contaminate may cause inaccurate times.
  • Supply counts are checked every 10 seconds.